 Dungeon Crawl Stone Soup version 0.17.2 (webtiles) character file.

231 Goblin1989 the Insei (level 5, -1/41 HPs)
             Began as a Demonspawn Monk on June 3, 2016.
             Succumbed to DEFE's ghost's poison
             ... on level 3 of the Dungeon.
             The game lasted 00:08:35 (2637 turns).

Goblin1989 the Insei (Demonspawn Monk)              Turns: 2637, Time: 00:08:35

Health: -1/41      AC:  7    Str: 18    XL:     5   Next: 73%
Magic:  5/5        EV: 10    Int: 11    God:
Gold:   151        SH:  0    Dex: 15    Spells: 0 memorised, 4 levels left

rFire  . . .     SeeInvis +       - Unarmed
rCold  + + .     Clarity  .     u - +1 scale mail {rC+}
rNeg   . . .     SustAt   .     (no shield)
rPois  .         Gourm    .     (no helmet)
rElec  .         Spirit   +     (no cloak)
rCorr  .         Warding  .     (no gloves)
rMut   +         Stasis   .     (no boots)
MR     .....                    l - amulet of resist mutation (curse) {rMut, !d}
Stlth  +.........               r - ring of see invisible {sInv, !d}
                                e - ring of protection from cold {rC+, !d}

@: mighty, lethally poisoned (-1 -> -34), flying, very slightly contaminated,
invisible, not resistant to hostile enchantments, very unstealthy
A: powered by pain 1, magic shield, magic regeneration
a: no special abilities


You were on level 3 of the Dungeon.
You were hungry.

You visited 1 branch of the dungeon, and saw 3 of its levels.

You collected 151 gold pieces.

Inventory:

Hand Weapons
 i - a +1 dagger of venom
 p - a +2 mace of protection
Armour
 j - a +0 robe of magic resistance
 u - a +1 scale mail of cold resistance (worn)
Jewellery
 e - a ring of protection from cold (left hand) {rC+, !d}
 l - a cursed amulet of resist mutation (around neck) {rMut, !d}
 r - a ring of see invisible (right hand) {sInv, !d}
Scrolls
 d - 2 scrolls of enchant weapon {unknown}
 f - 2 scrolls of remove curse {unknown}
 g - 4 scrolls of identify {unknown}
 n - a scroll of blinking {unknown}
 o - 2 scrolls of immolation {unknown}
 s - a scroll of noise {unknown}
 v - a scroll of random uselessness {unknown}
Potions
 a - a potion of magic
 q - a potion of invisibility
Comestibles
 b - a bread ration
 c - a beef jerky
 m - a meat ration


   Skills:
 - Level 3.0 Fighting
 - Level 2.6 Dodging
 - Level 1.7 Stealth
 * Level 6.4 Unarmed Combat


You had 4 spell levels left.
You didn't know any spells.

Dungeon Overview and Level Annotations

Branches:
Dungeon (3/15)

Altars:
Nemelex Xobeh


Innate Abilities, Weirdness & Mutations

You sometimes gain a little power by taking damage.
When hurt, damage is shared between your health and your magic reserves.
You regenerate magic rapidly.


Message History

You have reached level 5!
Your demonic ancestry asserts itself...
You feel your magic shroud grow more resilient.
* * * LOW HITPOINT WARNING * * *
You feel very sick.
You take 1 damage, and have 11/41 hp.
MP restored: 5 Read which item? (? for menu, Esc to quit)
Okay, then.
* * * LOW HITPOINT WARNING * * *
You feel very sick.
You take 4 damage, and have 7/41 hp.
* * * LOW HITPOINT WARNING * * *
You feel very sick.
You take 3 damage, and have 4/41 hp.
A giant newt comes into view.
* * * LOW HITPOINT WARNING * * *
You feel very sick.
You take 3 damage, and have 1/41 hp.
You die...

# # ...... #
l..... #
...... #
##......
#..... #...
#####.#### .
+...@....#
.>..#####.##.#
#.....<...#
########..#
...# #.## #.#
#.# #.#


You could see a giant newt (wandering).

Vanquished Creatures
  The ghost of DEFE the Cutter, an amateur DEFi (D:3)
  An orc priest (D:2)
  Terence (D:2)
  2 adders
  An ooze (D:1)
  A worm (D:1)
  2 giant geckos (D:1)
  A giant cockroach (D:1)
  10 goblins
  7 hobgoblins
  2 jackals (D:2)
  A bat (D:1)
  6 giant newts
  3 kobolds
  A quokka (D:2)
  4 rats
44 creatures vanquished.

Notes
Turn   | Place    | Note
--------------------------------------------------------------
     0 | D:1      | Goblin1989 the Demonspawn Monk began the quest for the Orb.
     0 | D:1      | Reached XP level 1. HP: 18/18 MP: 1/1
    48 | D:1      | Reached skill level 4 in Unarmed Combat
   268 | D:1      | Gained mutation: When hurt, damage is shared between your health and your magic reserves. [demonic ancestry]
   268 | D:1      | Reached XP level 2. HP: 24/24 MP: 2/2
   924 | D:1      | Gained mutation: You sometimes gain a little power by taking damage. [demonic ancestry]
   924 | D:1      | Reached XP level 3. HP: 21/29 MP: 3/3
  1648 | D:2      | Found a faded altar to an unknown god.
  1754 | D:2      | Found a sparkling altar of Nemelex Xobeh.
  2079 | D:2      | Noticed Terence
  2103 | D:2      | Killed Terence
  2103 | D:2      | Reached skill level 5 in Unarmed Combat
  2103 | D:2      | Reached XP level 4. HP: 9/35 MP: 0/4
  2617 | D:3      | Noticed DEFE's ghost (amateur DEFi)
  2617 | D:3      | ololoev: дефе тут намусорил немного
  2617 | D:3      | Goblin1989: вижу уже
  2633 | D:3      | Killed DEFE's ghost
  2633 | D:3      | Reached skill level 6 in Unarmed Combat
  2633 | D:3      | Gained mutation: You regenerate magic rapidly. [demonic ancestry]
  2633 | D:3      | Reached XP level 5. HP: 14/41 MP: 5/5
  2636 | D:3      | HP: 1/41 [poisoned by DEFE's ghost]
  2637 | D:3      | Succumbed to DEFE's ghost's poison

Action                   |  1- 3 |  4- 6 || total
-------------------------+-------+-------++-------
Melee: Unarmed           |   176 |    45 ||   221
       Dagger            |     8 |       ||     8
  Use: Potion            |       |     4 ||     4
 Stab: Sleeping          |     5 |       ||     5
       Invisible         |       |     1 ||     1
  Eat: Chunk             |     3 |     2 ||     5
